 Dungeon Crawl Stone Soup version 0.25.0-1-g7eea58d2a3 (webtiles) character file.

Game seed: 5686559623602034552

5330 Peloso the Blocker (level 10, 0/76 HPs)
             Began as a Demonspawn Fighter on June 13, 2020.
             Was an Initiate of Okawaru.
             Killed by the air
             ... invoked by Gastronok
              (13 damage)
             ... on level 9 of the Dungeon.
             The game lasted 00:21:35 (9761 turns).

Peloso the Blocker (Demonspawn Fighter)             Turns: 9761, Time: 00:21:36

Health: 0/76       AC: 23    Str: 25    XL:     10   Next: 38%
Magic:  10/10      EV:  7    Int: 10    God:    Okawaru [......]
Gold:   543        SH: 14    Dex: 13    Spells: 9/9 levels left

rFire    . . .     SeeInvis .   a - +1 falchion (protect)
rCold    . . .     Gourm    .   c - +2 kite shield
rNeg     . . .     Faith    +   J - +0 plate armour
rPois    .         Spirit   .   (no helmet)
rElec    .         Reflect  .   L - +0 cloak
rCorr    .         Harm     .   (no gloves)
MR       .....                  (no boots)
Stlth    ..........             C - amulet of faith
HPRegen  0.22/turn              o - +6 ring of strength
MPRegen  0.12/turn              (no ring)

@: mighty, protection aura
A: hooves 2, slimy green scales 1, spiny 3
a: Renounce Religion


You were on level 9 of the Dungeon.
You worshipped Okawaru.
Okawaru was noncommittal.
You were near starving.

You visited 2 branches of the dungeon, and saw 10 of its levels.
You also visited: Sewer and Ossuary.

You collected 543 gold pieces.

Inventory:

Hand Weapons
 a - a +1 falchion of protection (weapon)
 b - the +5 spear of Doijitio {holy, Str-4 Int+4 SInv, unknown}
   (You found it on level 5 of the Dungeon)

   It has been blessed by the Shining One to cause great damage to the undead
   and demons.
   It affects your strength (-4).
   It affects your intelligence (+4).
   It lets you see invisible.
Armour
 c - a +2 kite shield (worn)
 J - a +0 plate armour (worn)
 L - a +0 cloak (worn)
Jewellery
 o - a +6 ring of strength (left hand)
 C - an amulet of faith (around neck)
 D - an uncursed ring of wizardry
Wands
 r - a wand of flame (22)
 t - a wand of random effects (20)
 u - a wand of clouds (6)
 z - a wand of iceblast (12)
 F - a wand of acid (1)
Scrolls
 e - 2 scrolls of enchant weapon
 g - 4 scrolls of identify
 j - a scroll of fog
 k - 2 scrolls of remove curse
 l - 4 scrolls of teleportation
 w - a scroll of random uselessness {unknown}
 y - 2 scrolls of magic mapping {unknown}
 A - a scroll of fear
 B - a scroll of amnesia
 E - a scroll of blinking {unknown}
 G - a scroll of enchant armour {unknown}
 H - a scroll of immolation {unknown}
 I - a scroll of noise {unknown}
Potions
 d - a potion of might
 h - 3 potions of haste
 i - 2 potions of degeneration
 m - a potion of berserk rage
 n - 5 potions of curing
 p - 4 potions of heal wounds
 q - 2 potions of invisibility
 s - 4 potions of brilliance
 v - 3 potions of stabbing
 x - 5 potions of flight
Comestibles
 f - 16 rations


   Skills:
 + Level 5.7 Fighting
 + Level 7.8 Long Blades
 + Level 7.5 Armour
 + Level 3.5 Dodging
 + Level 1.2 Stealth
 + Level 8.2 Shields
 + Level 0.2 Evocations


You had 9 spell levels left.
You didn't know any spells.
Your spell library contained the following spells:

 Spells                   Type           Power        Failure   Level  Hunger
 Beastly Appendage        Tmut           #.....       100%        1    ##.....
 Sticks to Snakes         Tmut           #.......     100%        2    ###....
 Spider Form              Tmut/Pois      #.........   100%        3    ####...
 Ice Form                 Ice/Tmut       #.......     100%        4    #####..
 Blade Hands              Tmut           #.........   100%        5    ######.


Dungeon Overview and Level Annotations

Branches:
Dungeon (9/15)             Temple (1/1) D:6            Lair (0/6) D:9
  Sewer (visited)         Ossuary (visited)
    Orc: D:9-12

Altars:
Ashenzari
Cheibriados
Dithmenos
Elyvilon
Fedhas
Gozag
Hepliaklqana
Kikubaaqudgha
Makhleb
Nemelex Xobeh
Okawaru
Qazlal
Ru
Sif Muna
Trog
Uskayaw
Vehumet
Wu Jian
Yredelemnul
Zin
The Shining One

Shops:
D:5 }

Annotations:
D:4 3 runed translucent doors, Zing's ghost, amateur TeSk
D:9 Gastronok


Innate Abilities, Weirdness & Mutations

You have hoof-like feet.
You are partially covered in slimy green scales. (AC +2)
You are completely covered in sharp spines.


Message History

Your shield and plate armour prevent you from hitting Gastronok.
You kick Gastronok!
Gastronok is severely wounded.
Gastronok waves his eye-stalks in wide circles.
The air twists around and strikes you!
* * * LOW HITPOINT WARNING * * *
You slash Gastronok! You kick Gastronok!
Gastronok is almost dead.
You hit Gastronok.
Gastronok is almost dead.
Gastronok waves his eye-stalks in wide circles.
The air twists around and strikes you!
* * * LOW HITPOINT WARNING * * *
You hit Gastronok.
Gastronok is almost dead.
You slash Gastronok!
Gastronok is almost dead.
Gastronok waves his eye-stalks in wide circles.
The air twists around and strikes you!
You die...

## #####. ###.....
###########
##.'....♣
...#.....#
#..#...P≈
#w#<#.#####.##..≈≈P
#.@.#.......##.≈≈P≈
#######.######≈≈P≈≈
........# ≈P≈≈≈≈
##.###### #♣♣≈≈≈≈
♣≈≈≈P ≈≈ ≈≈
######+#♣♣♣≈
..##....♣♣P


You could see Gastronok.

Vanquished Creatures
  Maurice (D:8)
  Psyche (D:9)
  A hippogriff (D:7)
  Sigmund (D:6)
  Eustachio (D:4)
  2 wargs
  2 hungry ghosts
  4 orc warriors
  Purgy (Sewer)
  2 phantoms
  2 sky beasts
  5 ogres
  2 necrophages
  A centaur (D:6)
  An elf zombie (Ossuary)
  2 bullfrogs
  4 scorpions
  5 killer bees (D:7)
  A howler monkey (D:5)
  2 wights (D:6)
  4 crimson imps
  A centaur zombie (D:8)
  A jelly (D:8)
  4 hounds
  2 human zombies (Ossuary)
  6 orc priests
  10 orc wizards
  A bullfrog skeleton (D:9)
  6 iguanas
  4 worker ants
  A big kobold zombie (Ossuary)
  A hound skeleton (D:5)
  2 mummies (Ossuary)
  A worker ant zombie (D:6)
  8 gnolls (D:6)
  6 adders
  A howler monkey skeleton (D:4)
  3 shadow imps
  An ooze (D:1)
  An adder skeleton (D:8)
  An adder zombie (D:5)
  4 worms
  5 dart slugs
  11 leopard geckos
  18 orcs
  10 giant cockroaches
  8 hobgoblins
  17 jackals
  6 kobolds
  6 quokkas
  A ball python (D:3)
  9 bats
  5 frilled lizards
  7 goblins
  12 hobgoblin zombies (Ossuary)
  A jackal zombie (Ossuary)
  7 kobold zombies (Ossuary)
  9 orc zombies (Ossuary)
  A quokka skeleton (D:7)
  5 rats
  5 rat zombies
253 creatures vanquished.

Notes
Turn   | Place    | Note
-------+----------+-------------------------------------------
     0 | D:1      | Peloso the Demonspawn Fighter began the quest for the Orb.
     0 | D:1      | Reached XP level 1. HP: 18/18 MP: 1/1
    98 | D:1      | Gained mutation: You are partially covered in sharp spines.
                  | [demonic ancestry]
    98 | D:1      | Reached XP level 2. HP: 13/24 MP: 2/2
   177 | D:1      | Reached skill level 3 in Shields
   472 | D:1      | Reached XP level 3. HP: 26/29 MP: 3/3
  1650 | D:2      | Reached XP level 4. HP: 36/36 MP: 4/4
  1700 | D:2      | Found a shimmering blue altar of Sif Muna.
  2282 | D:2      | Found a glowing silver altar of Zin.
  3336 | D:3      | Found a faded altar of an unknown god.
  3388 | D:4      | Gained mutation: You have large cloven feet. [demonic
                  | ancestry]
  3388 | D:4      | Reached XP level 5. HP: 20/42 MP: 5/5
  3603 | D:4      | Found a runed translucent gate.
  3604 | D:4      | Found a runed translucent gate.
  3604 | D:4      | Noticed Zing's ghost (amateur TeSk)
  3605 | D:4      | Found a runed translucent gate.
  3640 | D:4      | Noticed Eustachio
  3681 | D:4      | HP: 2/42 [poisoned by a worker ant]
  3688 | D:4      | HP: 1/42 [jackal (1)]
  3694 | D:3      | Reached skill level 1 in Dodging
  3885 | D:4      | Killed Eustachio
  3885 | D:4      | Reached skill level 4 in Shields
  3885 | D:4      | Gained mutation: You are mostly covered in sharp spines.
                  | [demonic ancestry]
  3885 | D:4      | Reached XP level 6. HP: 13/48 MP: 6/6
  4539 | D:4      | Gained mutation: You are partially covered in slimy green
                  | scales. (AC +2) [demonic ancestry]
  4539 | D:4      | Reached XP level 7. HP: 54/54 MP: 7/7
  4580 | D:4      | Found an opulent altar of Gozag.
  4724 | D:5      | Entered Level 5 of the Dungeon
  4835 | D:5      | Found a sand-covered staircase.
  4851 | Ossuary  | Entered an ossuary
  4859 | Ossuary  | Reached skill level 5 in Shields
  4899 | Ossuary  | Reached skill level 5 in Long Blades
  4959 | Ossuary  | Reached XP level 8. HP: 28/60 MP: 8/8
  5129 | D:5      | Found a glowing drain.
  5148 | Sewer    | Entered a sewer
  5276 | Sewer    | Noticed Purgy
  5286 | Sewer    | Killed Purgy
  5651 | D:5      | Reached skill level 5 in Armour
  5651 | D:5      | Reached skill level 1 in Stealth
  5724 | D:5      | Found Tuinwex's Gadget Boutique.
  5915 | D:6      | Reached skill level 6 in Shields
  6049 | D:6      | Found a staircase to the Ecumenical Temple.
  6113 | Temple   | Entered the Ecumenical Temple
  6486 | D:6      | Noticed Sigmund
  6493 | D:6      | Killed Sigmund
  6493 | D:6      | Gained mutation: You have hoof-like feet. [demonic
                  | ancestry]
  6493 | D:6      | Reached XP level 9. HP: 53/66 MP: 9/9
  7408 | D:5      | Got a glimmering spear
  7728 | D:7      | Reached skill level 7 in Shields
  7997 | D:7      | Reached skill level 5 in Fighting
  8295 | D:7      | Found a stormy altar of Qazlal.
  8430 | D:8      | Found an iron altar of Okawaru.
  8436 | D:8      | Found an ornate altar of the Wu Jian Council.
  8580 | D:8      | Noticed Maurice
  8729 | D:8      | Killed Maurice
  8836 | D:8      | Gained mutation: You are completely covered in sharp
                  | spines. [demonic ancestry]
  8836 | D:8      | Reached XP level 10. HP: 52/74 MP: 10/10
  9083 | D:9      | Found a staircase to the Lair.
  9567 | D:9      | Noticed Psyche
  9570 | D:9      | Killed Psyche
  9570 | D:9      | Reached skill level 8 in Shields
  9740 | D:8      | Became a worshipper of Warmaster Okawaru
  9750 | D:9      | Noticed Gastronok
  9761 | D:9      | Killed from afar by Gastronok

Illustrated notes

Levels and vault maps discovered:
D:1:      dpeg_arrival_lava_altar, layout_basic
D:2:      layout_rooms, lemuel_blue_sif_altar, chequers_serial_rivers_small_b,
          lemuel_statue_altar
D:3:      layout_basic, chequers_ecumenical_altar_simple
D:4:      layout_rooms, kennysheep_little_box, gammafunk_ghost_split,
          hangedman_decor_slide_cut, uniq_eustachio
D:5:      layout_rooms, gup_sewer_entry_pipe, serial_shops, shop, first_ration,
          enter_ossuary_4
D:6:      layout_loops_ring, minmay_temple_entry_waves, sword_in_stone,
          uniq_sigmund
D:7:      layout_basic, basic_altar
D:8:      layout_loops_ring, nicolae_overflow_hidden_temple, serial_shops,
          shop_fountains, kennysheep_pointless_box, uniq_maurice
D:9:      layout_roguey, lemuel_round_altar, erik_lair_orcish_takeover,
          serial_shops, shop, serial_bayou_lagoon_b, uniq_gastronok,
          uniq_psyche, uniq_erica
Temple:   minmay_crystal_spiral_temple

Skill      XL: |  1  2  3  4  5  6  7  8  9 10 |
---------------+-------------------------------+-----
Shields        | 3 4 5 6 7 8 |  8.2
Long Blades    | 2 3 4 5 6 7 |  7.8
Armour         | 3 4 5 7 |  7.5
Dodging        | 1 2 3 |  3.5
Fighting       | 4 5 |  5.7
Stealth        | 1 |  1.2
Evocations     | |  0.2

Action                   |  1- 3 |  4- 6 |  7- 9 | 10-12 || total
-------------------------+-------+-------+-------+-------++-------
Melee: Long sword        |   109 |   129 |       |       ||   238
       Kick              |       |    28 |   171 |    50 ||   249
       Falchion          |       |     8 |   427 |   106 ||   541
Evoke: Wand              |       |     1 |       |     5 ||     6
  Use: Potion            |       |    10 |       |     1 ||    11
       Scroll            |       |       |     9 |     2 ||    11
  Eat: Chunk             |     2 |    10 |    15 |     4 ||    31
Armor: Scale mail        |    70 |    65 |    66 |       ||   201
       Chain mail        |       |       |   102 |     3 ||   105
       Plate armour      |       |       |       |    27 ||    27
Dodge: Dodged            |    33 |    57 |   109 |    13 ||   212
Block: Kite shield       |    55 |   105 |   270 |    68 ||   498
       Rpst.: Long sword |    11 |    14 |       |       ||    25
       Falchion          |       |     1 |    27 |     5 ||    33
